 Dungeon Crawl Stone Soup version 0.30.1-9-gdf580d7c3d (webtiles) character file.

Game seed: 11786953209511387798

532 lonewolfV2 the Magician (level 7, -2/53 HPs)
             Began as a Demonspawn Wanderer on Oct 24, 2023.
             Splashed by a jelly's acid (3 damage)
             ... on level 4 of the Dungeon.
             The game lasted 00:16:10 (3787 turns).

lonewolfV2 the Magician (Demonspawn Wanderer)       Turns: 3787, Time: 00:16:11

Health: -2/53      AC: -1    Str: 20    XL:     7   Next: 4%
Magic:  18/18      EV: 11    Int: 19    God:
Gold:   196        SH:  0    Dex: 10    Spells: 16/21 levels left

rFire   . . .        b - +2 hammer of Faoh {drain, rElec rC+ rN+ Str+3}
rCold   + . .        (no shield)
rNeg    + + +        j - +2 leather armour "Esimigu" {Harm rN+}
rPois   .            (no helmet)
rElec   +            f - +0 cloak
rCorr   .            (no gloves)
SInv    .            (no boots)
Will    .....        h - amulet of magic regeneration
Stlth   +            q - +6 ring of strength
HPRegen 0.28/turn    t - ring of positive energy
MPRegen 0.56/turn

%: harm (+30% outgoing, +20% incoming)
@: corroded
A: hooves 2, rugged brown scales 1
a: no special abilities


You were on level 4 of the Dungeon.
You visited 1 branch of the dungeon, and saw 4 of its levels.

You collected 196 gold pieces.

Inventory:

Hand Weapons
 a - a +1 club of chaos
 b - the +2 hammer of Faoh (weapon) {drain, rElec rC+ rN+ Str+3}
   (You found it on level 4 of the Dungeon)

   Str:       It affects your strength (+3).
   rC:        It protects you from cold.
   rElec:     It insulates you from electricity.
   rN:        It protects you from negative energy.
 l - a +4 trident
Armour
 c - a +0 robe
 d - a +0 troll leather armour
 f - a +0 cloak (worn)
 j - the +2 leather armour "Esimigu" (worn) {Harm rN+}
   (You found it on level 2 of the Dungeon)

   rN:        It protects you from negative energy.
   Harm:      It increases damage dealt and taken.
Jewellery
 h - an amulet of magic regeneration (around neck)
 q - a +6 ring of strength (left hand)
 t - a ring of positive energy (right hand)
Wands
 r - a wand of paralysis (20)
Scrolls
 e - 3 scrolls of magic mapping
 k - a scroll of enchant weapon
Potions
 g - 2 potions of lignification
 m - a potion of resistance
 n - a potion of cancellation
 o - a potion of brilliance
 p - a potion of mutation
 s - a potion of attraction {unknown}


   Skills:
 + Level 3.1 Fighting
 - Level 1.7 Stealth
 * Level 7.6 Spellcasting
 - Level 3.2 Transmutations


You had 16 spell levels left.
You knew the following spells:

 Your Spells              Type           Power      Damage    Failure   Level
a - Beastly Appendage     Tmut           38%        N/A       3%          1
b - Sting                 Tmut/Pois      52%        1d5       6%          1
c - Spider Form           Tmut/Pois      13%        N/A       17%         3

Your spell library contained the following spells:

 Spells                   Type           Power      Damage    Failure   Level
 Apportation              Tloc           14%        N/A       11%         1
 Necrotise                Necr           28%        1d5       11%         1
 Summon Small Mammal      Summ           28%        N/A       11%         1
 Blink                    Tloc           14%        N/A       17%         2
 Lesser Beckoning         Tloc           14%        N/A       17%         2
 Momentum Strike          Conj/Tloc      14%        3d8       17%         2
 Call Canine Familiar     Summ           7%         N/A       32%         3
 Chain Lightning          Conj/Air       3%         3d4       100%        9
 Fire Storm               Conj/Fire      3%         8d1       100%        9
 Shatter                  Erth           3%         3d7*      100%        9


Dungeon Overview and Level Annotations

Branches:
Dungeon (4/15)
 Temple: D:4-7

Altars:
Uskayaw

Shops:
D:1 [


Innate Abilities, Weirdness & Mutations

You have hoof-like feet.
You are partially covered in rugged brown scales. (AC +1, +3% HP)


Message History

Blork the orc barely misses you. x2
You hit Blork the orc.
Blork the orc looks as sick as possible!
Blork the orc is almost dead.
Blork the orc casts a spell at you. The puff of frost hits you!
* * * LOW HITPOINT WARNING * * *
You hit Blork the orc.
Blork the orc looks as sick as possible!
Blork the orc is almost dead.
You kill Blork the orc!
Your life force feels restored.
Your Fighting skill increases to level 3!
You have reached level 7!
Your demonic ancestry asserts itself...
Your feet thicken and deform.
You hit the jelly but do no damage.
Your front pincers burn!
* * * LOW HITPOINT WARNING * * *
The jelly closely misses you.
You feel much better. The jelly hits you. The acid corrodes you!
You are splashed with acid!
You hit the jelly but do no damage.
The jelly is poisoned.
Your front pincers burn!
The jelly hits you.
You are splashed with acid!
You hit the jelly.
Your front pincers burn!
* * * LOW HITPOINT WARNING * * *
The jelly is lightly wounded.
The jelly closely misses you.
You hit the jelly but do no damage.
Your front pincers burn!
* * * LOW HITPOINT WARNING * * *
The jelly is lightly wounded.
Your transformation has ended.
The +2 hammer of Faoh {drain, rElec rC+ rN+ Str+3} unmelds from your body.
Your +0 cloak unmelds from your body.
The +2 leather armour "Esimigu" {Harm rN+} unmelds from your body.
You sense an unholy aura.
The jelly hits you.
* * * LOW HITPOINT WARNING * * *
The acid corrodes you!
You are splashed with acid!
* * * LOW HITPOINT WARNING * * *
You hit the jelly. You drain the jelly.
Your hands burn!
You die...

# .# .## ...#
###...##
#####@J....#
##.....#.....#
#............#
#..####......#
#..### ####...
#....## ..
#.....# #
##....##.
##.#.......


You could see a jelly (very poisoned, very drained).

Vanquished Creatures
  Grinder (D:4)
  An ogre (D:4)
  Blork the orc (D:4)
  Crazy Yiuf (D:4)
  8 adders
  A worm (D:3)
  4 dart slugs
  4 orcs (D:4)
  8 bats
  4 endoplasms
  3 giant cockroaches
  5 goblins
  9 hobgoblins
  3 jackals (D:1)
  A quokka (D:3)
  4 ball pythons
  11 kobolds
  7 rats
76 creatures vanquished.

Vanquished Creatures (others)
  A butterfly (D:3)
1 creature vanquished.

Grand Total: 77 creatures vanquished

Notes
Turn   | Place    | Note
-------+----------+-------------------------------------------
     0 | D:1      | lonewolfV2 the Demonspawn Wanderer began the quest for the
                  | Orb.
     0 | D:1      | lonewolfV2 set off with the following items: a +0 club, a
                  | potion of heal wounds, a +0 robe, a +0 cloak; and the
                  | following spells available to memorise: Beastly Appendage,
                  | Sting, Summon Small Mammal, Spider Form, Call Canine
                  | Familiar.
     0 | D:1      | Reached XP level 1. HP: 13/13 MP: 6/6
    76 | D:1      | Learned a level 1 spell: Beastly Appendage
    78 | D:1      | Learned a level 1 spell: Sting
   240 | D:1      | Gained mutation: You are partially covered in rugged brown
                  | scales. (AC +1, +3% HP) [demonic ancestry]
   240 | D:1      | Reached XP level 2. HP: 6/19 MP: 2/8
   982 | D:1      | Noticed a great orb of eyes
   988 | D:1      | Reached XP level 3. HP: 24/24 MP: 6/9
  1008 | D:1      | Found a faded altar of an unknown god.
  1020 | D:1      | Noticed a great orb of eyes
  1020 | D:1      | Noticed a shining eye
  1020 | D:1      | Noticed a shining eye
  1095 | D:1      | Found Ibuecoastan's Antique Armour Shoppe.
  1387 | D:2      | Found a hide-covered altar of Uskayaw.
  1521 | D:2      | Learned a level 3 spell: Spider Form
  1668 | D:2      | Gained mutation: You have large cloven feet. [demonic
                  | ancestry]
  1668 | D:2      | Reached XP level 4. HP: 15/30 MP: 8/11
  1720 | D:2      | Reached skill level 6 in Spellcasting
  1856 | D:2      | Identified the +2 leather armour "Esimigu" {Harm rN+}
  3153 | D:4      | Reached skill level 1 in Fighting
  3153 | D:4      | Reached XP level 5. HP: 38/38 MP: 13/13
  3181 | D:4      | Noticed Grinder
  3197 | D:4      | HP: 1/38 [Grinder (4)]
  3206 | D:4      | Killed Grinder
  3207 | D:4      | Reached skill level 7 in Spellcasting
  3207 | D:4      | Reached XP level 6. HP: 23/46 MP: 14/16
  3438 | D:4      | Found a runed translucent door.
  3439 | D:4      | Noticed Crazy Yiuf
  3455 | D:4      | HP: 1/45 [Crazy Yiuf/+4 quarterstaff of chaos (4)]
  3456 | D:4      | Killed Crazy Yiuf
  3585 | D:4      | Identified the +2 hammer of Faoh {drain, rElec rC+ rN+
                  | Str+3}
  3765 | D:4      | Noticed Blork the orc
  3781 | D:4      | Killed Blork the orc
  3782 | D:4      | Gained mutation: You have hoof-like feet. [demonic
                  | ancestry]
  3782 | D:4      | Reached XP level 7. HP: 10/53 MP: 18/18
  3786 | D:4      | HP: 1/53 [acid (8)]
  3787 | D:4      | Splashed by a jelly's acid

Illustrated notes

Levels and vault maps discovered:
D:1:      shiori_arrival_oz, layout_loops_ring,
          hellmonk_ecumenical_altar_watching_god, serial_shops, shop,
          minmay_tall_x
D:2:      layout_rooms, basic_altar, minmay_box_of_dots
D:3:      layout_loops_corners, nicolae_elyvilon_peaceful_grove,
          minmay_diced_spiral
D:4:      layout_cave_pools, nicolae_ru_the_path_less_chosen, temple_green,
          serial_shops, nicolae_shop_pleasant_corner_grove, uniq_blork_the_orc,
          uniq_crazy_yiuf_cottage, uniq_grinder

Skill      XL: |  1  2  3  4  5  6 |
---------------+-------------------+-----
Transmutations | 3 |  3.2
Spellcasting   | 6 7 |  7.6
Fighting       | 1 2 3 |  3.1
Stealth        | |  1.7

Action                     |  1- 3 |  4- 6 |  7- 9 || total
---------------------------+-------+-------+-------++-------
  Melee: Club              |    54 |     5 |       ||    59
         Kick              |     6 |     7 |       ||    13
         Headbutt          |     3 |       |       ||     3
         Punch             |     1 |       |       ||     1
         Unarmed           |    22 |    92 |     4 ||   118
         Trident           |       |    41 |       ||    41
         Mace              |       |     3 |     1 ||     4
   Cast: Sting             |    36 |       |       ||    36
         Beastly Appendage |    15 |     2 |       ||    17
         Spider Form       |     4 |    13 |       ||    17
    Use: Potion            |     1 |     4 |     1 ||     6
         Scroll            |     4 |     6 |       ||    10
   Stab: Sleeping          |     2 |     1 |       ||     3
 Armour: Robe              |    34 |       |       ||    34
         Skin              |     2 |     2 |       ||     4
         Troll leather arm |     1 |     3 |       ||     4
         Leather armour    |       |    33 |       ||    33
  Dodge: Dodged            |    75 |   112 |     2 ||   189
